 Dungeon Crawl Stone Soup version 0.29.1-1-gd02db6906a (webtiles) character file.

Game seed: 10722522749657451169

1 H0rd4k the Insei (level 1, -1/13 HPs)
             Began as an Octopode Transmuter on Oct 20, 2022.
             Slain by a kobold
             ... wielding a +0 club
              (3 damage)
             ... on level 1 of the Dungeon.
             The game lasted 00:00:09 (26 turns).

H0rd4k the Insei (Octopode Transmuter)                Turns: 26, Time: 00:00:10

Health: -1/13      AC:  1    Str:  9    XL:     1   Next: 20%
Magic:  3/3        EV: 13    Int: 15    God:
Gold:   14         SH:  0    Dex: 12    Spells: 3/4 levels left

rFire   . . .      SeeInvis .     - Unarmed
rCold   . . .      Faith    .   (no shield)
rNeg    . . .      Spirit   .   (helmet restricted)
rPois   .          Reflect  .   (no amulet)
rElec   .          Harm     .   (no ring)
rCorr   .          Rampage  .   (no ring)
Will    .....                   (no ring)
Stlth   ++........              (no ring)
HPRegen 0.04/turn               (no ring)
MPRegen 0.08/turn               (no ring)
                                (no ring)
                                (no ring)

@: no status effects
A: almost no armour, amphibious, 8 rings, camouflage 1, gelatinous body 1,
(nimble swimmer 1), tentacles
a: no special abilities


You were on level 1 of the Dungeon.
You visited 1 branch of the dungeon, and saw 1 of its levels.

You collected 14 gold pieces.

Inventory:

Scrolls
 b - a scroll of identify {unknown}
Potions
 a - a potion of lignification


   Skills:
 + Level 1.0 Fighting
 + Level 2.0 Dodging
 + Level 3.0 Unarmed Combat
 + Level 2.0 Spellcasting
 + Level 2.0 Transmutations


You had 3 spell levels left.
You knew the following spells:

 Your Spells              Type           Power      Damage    Failure   Level
a - Beastly Appendage     Tmut           14%        N/A       10%         1

Your spell library contained the following spells:

 Spells                   Type           Power      Damage    Failure   Level
 Wereblood                Tmut           7%         N/A       14%         2
 Spider Form              Tmut/Pois      4%         N/A       41%         3
 Ice Form                 Ice/Tmut       4%         N/A       82%         4


Dungeon Overview and Level Annotations

Branches:
Dungeon (1/15)

Altars:


Innate Abilities, Weirdness & Mutations

You cannot wear most types of armour.
You are amphibious.
You can wear up to eight rings at the same time.
Your skin changes colour to match your surroundings (Stealth+).
Your rubbery body absorbs attacks. (AC +1, EV +1)
((You are camouflaged when in or above water. (Stealth+)))
You have tentacles for arms and can constrict up to eight enemies at once.


Message History

Welcome, H0rd4k the Octopode Transmuter.
The heart of this dungeon contains the terrific artefact, the Orb of Zot.
Press ? for a list of commands and other information.
Found a stone, a mace, 14 gold pieces and a scroll labelled GOHUET ZOPPYFO.
Found a staircase leading out of the dungeon.
Unknown command.
Unknown command.
Unknown command.
You see here a +0 mace.
You now have 14 gold pieces.
Found 5 stones.
b - a scroll labelled GOHUET ZOPPYFO A kobold and a goblin come into view.
The kobold shouts!
The kobold throws a stone.
The stone hits you.
There are monsters nearby!
The kobold throws a stone.
The stone hits you.
The goblin shouts!
The kobold throws a stone.
The stone hits you.
Found a clear potion.
The kobold throws a stone.
The stone hits you.
The kobold throws a stone.
The stone hits you. The goblin barely misses you.
You tentacle-slap the goblin.
You kill the goblin!
The kobold hits you with a +0 club.
* * * LOW HITPOINT WARNING * * *
Things that are here:
a +0 dagger; a goblin corpse You tentacle-slap the kobold.
Your grab misses the kobold.
The kobold is heavily wounded.
The kobold hits you with a +0 club.
You die...

. #### .# ##..# #.
######### #...# .
##...8...###...#.# #
##..8...8..##...#.#.###
..#8...).....8#..........
.....8..(..8..@K.........
..#8.........8#.(.#......
. ##..8.<.8..##...# .....
##...8...###...# ....
######### #...# .!. ##..#
.. #### #


You could see a kobold.

Vanquished Creatures
  A goblin (D:1)
1 creature vanquished.

Notes
Turn   | Place    | Note
-------+----------+-------------------------------------------
     0 | D:1      | H0rd4k the Octopode Transmuter began the quest for the Orb.
     0 | D:1      | Reached XP level 1. HP: 13/13 MP: 3/3
    26 | D:1      | Slain by a kobold

Illustrated notes

Levels and vault maps discovered:
D:1:      erik_arrival_orb_chamber, layout_basic, grunt_decor_junction

Action                   || total
-------------------------++-------
Melee: Unarmed           ||     2
Dodge: Dodged            ||     1
